 Dungeon Crawl Stone Soup version 0.31.0-11-ge490571c62 (webtiles) character file.

Game seed: 4200953047674132610

254 zenocrate the Cudgeller (level 6, 0/62 HPs)
             Began as an Oni Delver on Feb 1, 2024.
             Was an Initiate of Ru.
             Succumbed to a killer bee's poison
             ... on level 4 of the Dungeon.
             The game lasted 00:02:39 (3750 turns).

zenocrate the Cudgeller (Oni Delver)                Turns: 3750, Time: 00:02:40

Health: 0/62       AC:  3    Str: 25    XL:     6   Next: 15%
Magic:  6/6        EV: 10    Int: 11    God:    Ru [......]
Gold:   153        SH:  0    Dex: 10    Spells: 5/5 levels left

rFire   . . .        a - +0 mace
rCold   . . .        (no shield)
rNeg    . . .        b - +0 robe
rPois   .            (helmet restricted)
rElec   .            (no cloak)
rCorr   .            (gloves unavailable)
SInv    .            (boots unavailable)
Will    .....        (no amulet)
Stlth   ++           r - +6 ring of strength
HPRegen 0.30/turn    (no ring)
MPRegen 0.10/turn

%: no passive effects
@: lethally poisoned (0 -> -16)
A: large, unfitting armour, horns 1, tough skin 1, double potion healing,
drunken brawling
a: Renounce Religion


You were on level 4 of the Dungeon.
You worshipped Ru.
Ru was noncommittal.
You visited 1 branch of the dungeon, and saw 5 of its levels.

You collected 153 gold pieces.

Inventory:

Hand Weapons
 a - a +0 mace (weapon)
Armour
 b - a +0 robe (worn)
Jewellery
 r - a +6 ring of strength (left hand)
Wands
 g - a wand of digging (3)
 j - a wand of paralysis (6)
Scrolls
 c - a scroll of fog
 d - a scroll of revelation
 f - a scroll of brand weapon {unknown}
 h - a scroll of poison {unknown}
 k - 2 scrolls of vulnerability
 l - 2 scrolls of immolation {unknown}
 n - 2 scrolls of teleportation {unknown}
 p - a scroll of blinking {unknown}
 u - a scroll of torment {unknown}
Potions
 i - a potion of resistance
 m - a potion of curing
 o - a potion of haste
 q - 2 potions of attraction
 s - a potion of lignification
 t - a potion of invisibility {unknown}
 v - a potion of enlightenment {unknown}
 w - a potion of brilliance {unknown}


   Skills:
 + Level 4.3 Fighting
 + Level 5.2 Maces & Flails
 - Level 3.4 Dodging
 - Level 3.7 Stealth


You had 5 spell levels left.
You didn't know any spells.
Your spell library was empty.

Dungeon Overview and Level Annotations

Branches:
Dungeon (5/15)
 Temple: D:4-7

Altars:
Ashenzari
Dithmenos
Ru

Shops:
D:2 (


Innate Abilities, Weirdness & Mutations

You are too large for most types of armour.
You have a pair of small horns on your head.
You have tough skin. (AC +1)
You gain doubled healing and magic from potions.
Whenever you drink a healing potion, you attack all around you.


Message History

There are monsters nearby!
You hit the killer bee but do no damage.
You feel very sick. The killer bee stings you.
You are more poisoned.
The killer bee poisons you! The killer bee completely misses you.
The killer bee misses you. The killer bee stings you!
You are more poisoned.
The killer bee poisons you! The killer bee stings you.
You are more poisoned.
The killer bee poisons you! The killer bee stings you. x2
You feel extremely sick.
The killer bee attacks as it pursues you!
The killer bee stings you.
* * * LOW HITPOINT WARNING * * *
The killer bee completely misses you. The killer bee barely misses you.
There is an open door here.
You take a swig of the potion and twirl your +0 mace.
You sock the killer bee!
The killer bee is heavily wounded.
You closely miss the killer bee. Your headbutt misses the killer bee.
You hit the killer bee.
The killer bee is moderately wounded.
You savour every drop.
You feel better. The killer bee stings you.
You are poisoned.
The killer bee poisons you! The killer bee stings you!
* * * LOW HITPOINT WARNING * * *
The killer bee barely misses you. The killer bee stings you!
* * * LOW HITPOINT WARNING * * *
The endoplasm jiggles.
The killer bee stings you.
* * * LOW HITPOINT WARNING * * *
The killer bee stings you.
* * * LOW HITPOINT WARNING * * *
You are more poisoned.
The killer bee poisons you!
As you read the scroll of fear, it crumbles to dust.
You assume a fearsome visage.
The killer bee looks frightened! x4
The endoplasm looks frightened!
You die...

⌠. #....'....... ..###
######.......
$....#######....#####...
..⌠......##........#...
...................#...
###.....##....##.)'...
#.....##....##..#...
#......#........#...
###@####........#...
#.yyy.##....##..#...
#...y..#.....#####...
+......##....##..####
#..)J..##....##...# #
##.....##....'....# #
#.....##....#....# #
......##....###### #
......##....#....#


You could see 4 killer bees and an endoplasm (fleeing).

Vanquished Creatures
  A bombardier beetle (D:4)
  An orc priest (D:5)
  An iguana (D:4)
  2 orc wizards (D:4)
  5 adders
  A dart slug (D:4)
  3 ribbon worms
  7 orcs
  6 ball pythons
  6 endoplasms
  2 giant cockroaches
  3 goblins
  5 hobgoblins
  A quokka (D:4)
  4 bats
  4 frilled lizards
  7 kobolds
  4 rats
63 creatures vanquished.

Notes
Turn   | Place    | Note
-------+----------+-------------------------------------------
     0 | D:5      | zenocrate the Oni Delver began the quest for the Orb.
     0 | D:5      | Reached XP level 1. HP: 24/24 MP: 1/1
    62 | D:5      | Noticed an orc priest
    62 | D:5      | Noticed an orc priest
    66 | D:5      | Found a broken altar of Ashenzari.
    68 | D:5      | Killed an orc priest
    69 | D:5      | Reached skill level 3 in Maces & Flails
    69 | D:5      | Reached XP level 2. HP: 11/32 MP: 2/2
    69 | D:5      | Reached XP level 3. HP: 13/39 MP: 3/3
   435 | D:2      | Found Vuac's Weapon Shop.
   556 | D:2      | Reached skill level 4 in Maces & Flails
   594 | D:2      | Reached XP level 4. HP: 44/45 MP: 4/4
  2180 | D:3      | Reached XP level 5. HP: 53/54 MP: 5/5
  2616 | D:3      | Found a sacrificial altar of Ru.
  2875 | D:3      | Became a worshipper of Ru the Awakened
  3469 | D:4      | Reached skill level 5 in Maces & Flails
  3469 | D:4      | Reached XP level 6. HP: 62/62 MP: 6/6
  3525 | D:4      | Found a shadowy altar of Dithmenos.
  3749 | D:4      | HP: 3/62 [killer bee (5)]
  3750 | D:4      | Succumbed to a killer bee's poison

Illustrated notes

Levels and vault maps discovered:
D:1:      dpeg_arrival_erosion, layout_loops_corners
D:2:      wander_river, layout_loops_cross, serial_shops, shop
D:3:      layout_loops_ring, nicolae_ru_the_path_less_chosen, hex_tiny,
          kennysheep_boxes
D:4:      layout_gridville, nicolae_hepliaklqana_hippocampus,
          nicolae_dithmenos_shadow_blocks, amcnicky_altar_gilded,
          minmay_temple_entry_junction, serial_glass, glass_columns_b,
          glass_columns_b
D:5:      layout_basic, mainiacjoe_overflow_surrounded_room,
          nicolae_qazlal_style_of_elements, cheibrodos_sewer_entry_drain,
          gammafunk_ghost_grave

Skill      XL: |  1  2  3  4  5 |
---------------+----------------+-----
Maces & Flails | 3 4 5 |  5.2
Dodging        | 2 3 |  3.4
Fighting       | |  4.3
Stealth        | |  3.7

Action                     |  1- 3 |  4- 6 || total
---------------------------+-------+-------++-------
  Melee: Mace              |    38 |   165 ||   203
         Headbutt          |     4 |    26 ||    30
         Punch             |       |     1 ||     1
  Evoke: Wand              |       |     1 ||     1
    Use: Potion            |     1 |     1 ||     2
         Scroll            |       |     6 ||     6
   Stab: Sleeping          |     4 |     7 ||    11
 Armour: Robe              |    25 |   128 ||   153
  Dodge: Dodged            |    16 |    81 ||    97
